 Dungeon Crawl Stone Soup version 0.29-a0-998-g1987434951 (webtiles) character file.

Game seed: 12122023538116848850

30 BritishOli the Ducker (level 3, -4/28 HPs)
             Began as a Demonspawn Gladiator on Aug 5, 2022.
             Killed from afar by a white imp (5 damage)
             ... with a puff of frost
             ... summoned by Natasha
             ... on level 2 of the Dungeon.
             The game lasted 00:01:38 (1291 turns).

BritishOli the Ducker (Demonspawn Gladiator)        Turns: 1291, Time: 00:01:39

Health: -4/28      AC:  3    Str: 16    XL:     3   Next: 3%
Magic:  3/3        EV: 12    Int:  9    God:
Gold:   86         SH:  0    Dex: 14    Spells: 2/2 levels left

rFire   . . .      SeeInvis .   a - +0 long sword
rCold   . . .      Faith    .   (no shield)
rNeg    . . .      Spirit   .   b - +0 leather armour
rPois   .          Reflect  .   (helmet restricted)
rElec   .          Harm     .   (no cloak)
rCorr   .          Rampage  .   (no gloves)
Will    .....                   (no boots)
Stlth   +.........              (no amulet)
HPRegen 0.09/turn               (no ring)
MPRegen 0.08/turn               (no ring)

@: no status effects
A: antennae 2
a: no special abilities


You were on level 2 of the Dungeon.
You visited 1 branch of the dungeon, and saw 2 of its levels.

You collected 86 gold pieces.

Inventory:

Hand Weapons
 a - a +0 long sword (weapon)
Missiles
 d - 3 throwing nets (quivered)
 e - a javelin
Armour
 b - a +0 leather armour (worn)
 c - a +0 helmet
Scrolls
 f - a scroll of fear {unknown}
 h - a scroll of enchant armour {unknown}
 j - 2 scrolls of vulnerability {unknown}
 k - a scroll of identify {unknown}
Potions
 g - a potion of degeneration {unknown}
 i - a potion of curing {unknown}


   Skills:
 + Level 2.4 Fighting
 + Level 3.0 Long Blades
 - Level 2.1 Throwing
 + Level 0.1 Armour
 + Level 3.0 Dodging


You had 2 spell levels left.
You didn't know any spells.
Your spell library was empty.

Dungeon Overview and Level Annotations

Branches:
Dungeon (2/15)

Altars:

Shops:
D:1 =*((*

Annotations:
D:2 Natasha


Innate Abilities, Weirdness & Mutations

You have a pair of antennae on your head.


Message History

The giant cockroach is moderately wounded.
Natasha casts a spell at you. The magic dart hits you!
The giant cockroach bites you but does no damage.
There are monsters nearby!
You slash the giant cockroach!
You kill the giant cockroach!
There are monsters nearby!
You barely miss Natasha. Natasha completely misses you.
The white imp puffs mist at you. Natasha barely misses you.
There are monsters nearby!
There are monsters nearby!
You closely miss Natasha. The white imp hits you. The white imp freezes you.
Natasha claws you. The white imp closely misses you.
You are too injured to fight recklessly!
There are monsters nearby!
There are monsters nearby!
You are too injured to fight recklessly!
There are monsters nearby!
You are too injured to fight recklessly!
There are monsters nearby!
You are too injured to fight recklessly!
There are monsters nearby!
You are too injured to fight recklessly!
You hit Natasha.
Natasha is moderately wounded.
Natasha misses you. The white imp hits you. The white imp freezes you.
* * * LOW HITPOINT WARNING * * *
You hit Natasha.
Natasha is heavily wounded.
Natasha claws you but does no damage.
The white imp laughs crazily.
The white imp hits you.
* * * LOW HITPOINT WARNING * * *
The white imp freezes you.
* * * LOW HITPOINT WARNING * * *
The white imp gestures at you. The puff of frost hits you.
You die...

.. #######....
..#########..........
<..........#####.†..
............####....
#...........##....
#.........#....... #
#.........###.....
... ####....#####
#..... .....#.h@...##
#..... ........#####
#..... .....#5##
###..... .......
######....... .......
#............ .......
#..#####.....#
(...... ###...###
......# ##.....#
...... #).....#


You could see Natasha (resistant) and a white imp (summoned).

Vanquished Creatures
  2 endoplasms (D:1)
  2 giant cockroaches
  5 goblins
  2 hobgoblins
  4 kobolds
  2 quokkas (D:1)
  3 ball pythons
  2 frilled lizards (D:1)
  4 rats
26 creatures vanquished.

Vanquished Creatures (others)
  2 fungi (D:1)
2 creatures vanquished.

Grand Total: 28 creatures vanquished

Notes
Turn   | Place    | Note
-------+----------+-------------------------------------------
     0 | D:1      | BritishOli the Demonspawn Gladiator began the quest for the
                  | Orb.
     0 | D:1      | Reached XP level 1. HP: 16/16 MP: 1/1
    33 | D:1      | Found Hussamui's Weapon Shoppe.
   270 | D:1      | Gained mutation: You have a pair of small antennae on your
                  | head. [demonic ancestry]
   270 | D:1      | Reached XP level 2. HP: 22/22 MP: 2/2
   324 | D:1      | Found Nopnuo's Assorted Antiques.
   383 | D:1      | Found Dibifaak's Weapon Emporium.
   455 | D:1      | Found a faded altar of an unknown god.
   550 | D:1      | Found Ikhemeat's Jewellery Shop.
   652 | D:1      | Found Felidig's General Store.
  1238 | D:2      | Gained mutation: You have a pair of antennae on your head.
                  | [demonic ancestry]
  1238 | D:2      | Reached XP level 3. HP: 25/28 MP: 3/3
  1282 | D:2      | Noticed Natasha
  1290 | D:2      | HP: 1/28 [white imp[Natasha] (5)]
  1291 | D:2      | Killed from afar by a white imp

Illustrated notes

Levels and vault maps discovered:
D:1:      spicycebolla_arrival_clurvy, layout_loops_ring, serial_shops,
          nicolae_shop_stone, nicolae_square_shop, shop, shop, shop,
          dreamdust_ecumenical_altar_grove
D:2:      layout_rooms, uniq_natasha

Skill      XL: |  1  2 |
---------------+-------+-----
Throwing       | 2 |  2.1
Dodging        | 3 |  3.0
Long Blades    | 3 |  3.0
Fighting       | |  2.4
Armour         | |  0.1

Action                   || total
-------------------------++-------
Melee: Long sword        ||    69
       Punch             ||     1
Armor: Leather armour    ||    14
Dodge: Dodged            ||    47

Table legend: (Time is in decaauts)
 A = Elapsed time spent in this place.
 B = Non-inter-level travel time spent in this place.
 C = Inter-level travel time spent in this place.
 D = Time resting spent in this place.
 E = Time spent auto-exploring this place.
 F = Levels seen in this place.
 G = Mean time per level.
                   A        B        C        D        E       F      G
               +--------+--------+--------+--------+--------+-----+--------+
         Total |   1308 |   1289 |     19 |      0 |   1097 |   2 |  654.0 |
       Dungeon |   1308 |   1289 |     19 |      0 |   1097 |   2 |  654.0 |
               +--------+--------+--------+--------+--------+-----+--------+

Top non-repeatable levels by time:
     D:1: 897 daAuts
     D:2: 411 daAuts
